 Dungeon Crawl Stone Soup version 0.30-a0-12-gd8047c6341 (webtiles) character file.

Game seed: 17991010751860008909

305 Spectrina the Magician (level 6, -1/40 HPs)
             Began as a Djinni Venom Mage on Aug 23, 2022.
             Slain by an iguana (10 damage)
             ... on level 5 of the Dungeon.
             The game lasted 00:18:00 (1615 turns).

Spectrina the Magician (Djinni Venom Mage)          Turns: 1615, Time: 00:18:01

Health: -1/40      AC:  4    Str:  7    XL:     6   Next: 66%
Gold:   100        EV: 12    Int: 18    God:
                   SH:  0    Dex: 14

rFire   + + +      SeeInvis .    e - +0 sling
rCold   x . .      Faith    .    (no shield)
rNeg    . . .      Spirit   .    a - +0 robe
rPois   ∞          Reflect  .    (no helmet)
rElec   .          Harm     .    b - +1 cloak
rCorr   .          Rampage  .    (no gloves)
Will    .....                    (boots unavailable)
Stlth   ++........               (no amulet)
HPRegen 0.13/turn                n - ring of protection from fire
MPRegen 0.00/turn                (no ring)

@: flying
A: sickness immunity, fire resistance 2, cold vulnerability 1, float, innate
caster, HP casting, extra vitality 1
a: no special abilities


You were on level 5 of the Dungeon.
You visited 2 branches of the dungeon, and saw 7 of its levels.

You collected 126 gold pieces.
You spent 26 gold pieces at shops.

Inventory:

Hand Weapons
 e - a +0 sling (weapon)
Missiles
 c - 3 curare-tipped darts
Armour
 a - a +0 robe (worn)
 b - a +1 cloak (worn)
 s - an orb of light
Jewellery
 n - a ring of protection from fire (left hand)
Wands
 q - a wand of iceblast (11)
 u - a wand of charming (4)
Scrolls
 h - 2 scrolls of teleportation {unknown}
 i - 2 scrolls of fear {unknown}
 j - a scroll of fog {unknown}
 l - 2 scrolls of immolation {unknown}
 p - 2 scrolls of amnesia {unknown}
 r - a scroll of noise {unknown}
 t - a scroll of blinking {unknown}
Potions
 d - a potion of brilliance
 f - a potion of cancellation
 k - 2 potions of degeneration {unknown}
 m - a potion of might {unknown}
 o - 2 potions of heal wounds {unknown}


   Skills:
 - Level 2.1 Dodging
 - Level 1.5 Stealth
 + Level 5.4 Spellcasting


You had 2 spell levels left.
You knew the following spells:

 Your Spells              Type           Power      Damage    Failure   Level
a - Sting                 Tmut/Pois      96%        1d7       1%          1
k - Ensorcelled Hibernat  Hex/Ice        48%        N/A       1%          2
l - Mephitic Cloud        Conj/Pois/Air  24%        N/A       4%          3
p - Summon Small Mammal   Summ           96%        N/A       1%          1
q - Poisonous Vapours     Pois/Air       48%        N/A       1%          2
w - Olgreb's Toxic Radia  Pois           24%        N/A       14%         4
Your spell library was empty.

Dungeon Overview and Level Annotations

Branches:
Dungeon (6/15)             Temple (1/1) D:5

Altars:
Elyvilon
Nemelex Xobeh
Okawaru
Wu Jian
Yredelemnul
The Shining One

Shops:
D:1 ?   D:2 (   D:5 [

Annotations:
D:4 Blork the orc, Natasha


Innate Abilities, Weirdness & Mutations

You are immune to sickness and miasma.
You are immune to poison.
Your flesh is very heat resistant. (rF++)
You are vulnerable to cold. (rC-)
You float through the air rather than walking.
You learn spells naturally, not from books.
Your magical power is your life essence.
You have superior vitality. (+4 MHP)


Message History

The slug dart hits you.
* * * LOW HITPOINT WARNING * * *
An ufetubus comes into view.
You see here a +0 hand axe.
A killer bee is nearby!
A killer bee is nearby!
Casting: Summon Small Mammal (safe; 1% risk of failure)
Confirm with . or Enter, or press ? or * to list all spells.
* * * LOW HITPOINT WARNING * * *
An iguana comes into view.
The iguana hisses angrily.
Casting: Summon Small Mammal (safe; 1% risk of failure)
Confirm with . or Enter, or press ? or * to list all spells.
Casting: Summon Small Mammal (safe; 1% risk of failure)
Confirm with . or Enter, or press ? or * to list all spells.
Aiming: Sting (safe; 1% risk of failure)
Press: ? - help, Shift-Dir - straight line, f - iguana
Aim: an iguana (ally target, 79% to hit)
The sting hits the iguana.
The iguana is poisoned.
The iguana is lightly wounded.
Unknown command.
Casting: Sting (safe; 1% risk of failure)
Confirm with . or Enter, or press ? or * to list all spells.
Aiming: Poisonous Vapours (safe; 1% risk of failure)
Press: ? - help, Dir - move target, f/p - iguana
Aim: an iguana (moderately wounded, poisoned, ally target) Poisonous vapours surround the iguana!
The iguana looks even sicker.
* * * LOW HITPOINT WARNING * * *
Your quokka disappears in a puff of smoke!
Your rat barely misses the iguana.
Unknown command.
Casting: Poisonous Vapours (safe; 1% risk of failure)
Confirm with . or Enter, or press ? or * to list all spells.
Aiming: Ensorcelled Hibernation (safe; 1% risk of failure)
Press: ? - help, Shift-Dir - straight line, f/p - iguana
Aim: an iguana (moderately wounded, very poisoned, ally target, chance to affect: 64%)
The iguana resists with significant effort.
* * * LOW HITPOINT WARNING * * *
The iguana bites you!
You die...

#....##...##...#
#.....†.>......##
#....##...##.(..######.
#.....##.##............
##.##..#.#..##..######
#.. #.....##..## ##
#.r.##...#
#..#..l#..#.#
#....@..##.#
##########.# #.#
#.##########
#..........#
##########.# #.# #.#
#.#


You could see an iguana (very poisoned, ally target) and a friendly rat
(summoned).

Vanquished Creatures
  A water moccasin (D:5)
  A howler monkey (D:5)
  An orc priest (D:3)
  An iguana (D:5)
  2 adders
  2 river rats (D:5)
  An adder zombie (D:2)
  A dart slug (D:3)
  4 orcs (D:3)
  4 ball pythons (D:1)
  2 bats
  4 endoplasms
  2 giant cockroaches (D:1)
  5 goblins
  8 hobgoblins
  4 kobolds (D:1)
  4 quokkas (D:1)
  A ball python zombie (D:2)
  2 frilled lizards (D:1)
  2 giant cockroach zombies (D:2)
  3 rats (D:1)
55 creatures vanquished.

Vanquished Creatures (collateral kills)
  A river rat (D:5)
  A dart slug (D:2)
2 creatures vanquished.

Grand Total: 57 creatures vanquished

Notes
Turn   | Place    | Note
-------+----------+-------------------------------------------
     0 | D:1      | Spectrina the Djinni Venom Mage began the quest for the
                  | Orb.
     0 | D:1      | Spectrina set off with the following spells memorised:
                  | Sting, Poisonous Vapours, Mephitic Cloud, Olgreb's Toxic
                  | Radiance.
     0 | D:1      | Reached XP level 1. HP: 15/15 MP: 0/0
    97 | D:1      | Reached XP level 2. HP: 10/21 MP: 0/0
   150 | D:1      | Reached skill level 3 in Spellcasting
   310 | D:1      | Reached XP level 3. HP: 2/25 MP: 0/0
   310 | D:1      | Learned a level 1 spell: Summon Small Mammal
   562 | D:1      | Found a faded altar of an unknown god.
   599 | D:1      | Found Xaubarir's Magic Scroll Boutique.
   607 | D:1      | Bought a scroll of identify for 26 gold pieces
   643 | D:2      | Found Vebaeme's Antique Weapon Shop.
   771 | D:2      | Reached XP level 4. HP: 26/31 MP: 0/0
   942 | D:4      | Noticed Natasha
   956 | D:4      | Noticed Blork the orc
  1078 | D:3      | Reached skill level 4 in Spellcasting
  1078 | D:3      | Reached XP level 5. HP: 20/35 MP: 0/0
  1078 | D:3      | Learned a level 2 spell: Ensorcelled Hibernation
  1097 | D:3      | You are sucked into a shaft and drop 1 floor!
  1111 | D:4      | Noticed a centaur
  1170 | D:5      | Entered Level 5 of the Dungeon
  1221 | D:6      | Noticed an ogre
  1245 | D:5      | Found Nessukes's Armour Emporium.
  1292 | D:6      | Noticed a phantom
  1399 | D:5      | Found a staircase to the Ecumenical Temple.
  1430 | Temple   | Entered the Ecumenical Temple
  1495 | D:5      | Reached XP level 6. HP: 12/40 MP: 0/0
  1499 | D:5      | Noticed a water moccasin
  1524 | D:5      | Killed a water moccasin
  1525 | D:5      | Reached skill level 5 in Spellcasting
  1615 | D:5      | Slain by an iguana

Illustrated notes

Levels and vault maps discovered:
D:1:      dpeg_arrival_morbid_curiosity, layout_basic,
          hellmonk_ecumenical_altar_inner_sanctum, serial_shops, shop
D:2:      layout_basic, serial_shops, nicolae_shop_statue_plus, serial_undead,
          serial_undead_a, serial_undead_c, serial_undead_e, serial_undead_f
D:3:      layout_loops_ring, pf_guarded_unrand_woodcutter
D:4:      layout_basic, serial_co_window_serial, co_window_paths_b,
          co_window_corner_a, co_window_corner_a, co_window_paths_a,
          co_window_corner_a, co_window_corner_ca, co_window_corner_cb,
          co_window_broadway_b, co_window_broadway_b, co_window_sun,
          glass_columns_a, glass_columns_a, hex_intersection,
          nicolae_elevator_lobby_asterisk, uniq_blork_the_orc, uniq_natasha
D:5:      wander_guarded_unrand_ratskin, layout_basic,
          minmay_temple_entry_waves, serial_shops, nicolae_shop_trees,
          minmay_chambers_of_fives
D:6:      layout_rooms, serial_shops, nicolae_shop_behind_doors,
          minmay_manual_mares
Temple:   compressed_dpeg_triangle_lava_temple

Skill      XL: |  1  2  3  4  5  6 |
---------------+-------------------+-----
Spellcasting   | 3 4 5 |  5.4
Dodging        | |  2.1
Stealth        | |  1.5

Action                   |  1- 3 |  4- 6 || total
-------------------------+-------+-------++-------
Melee: Unarmed           |     4 |    13 ||    17
 Fire: Sling             |    49 |    31 ||    80
 Cast: Sting             |    35 |    12 ||    47
       Summon Small Mamm |     1 |    21 ||    22
       Poisonous Vapours |       |     7 ||     7
       Olgreb's Toxic Ra |       |     2 ||     2
       Ensorcelled Hiber |       |     1 ||     1
  Use: Scroll            |     2 |     1 ||     3
       Potion            |       |     1 ||     1
Armor: Robe              |    12 |     3 ||    15
       Skin              |       |    15 ||    15
Dodge: Dodged            |    38 |    13 ||    51

Table legend: (Time is in decaauts)
 A = Elapsed time spent in this place.
 B = Non-inter-level travel time spent in this place.
 C = Inter-level travel time spent in this place.
 D = Time resting spent in this place.
 E = Time spent auto-exploring this place.
 F = Levels seen in this place.
 G = Mean time per level.
                   A        B        C        D        E       F      G
               +--------+--------+--------+--------+--------+-----+--------+
         Total |   1645 |   1645 |      0 |     21 |      0 |   7 |  235.0 |
       Dungeon |   1644 |   1644 |      0 |     21 |      0 |   6 |  274.0 |
        Temple |      1 |      1 |      0 |      0 |      0 |   1 |    1.0 |
               +--------+--------+--------+--------+--------+-----+--------+

Top non-repeatable levels by time:
     D:1: 609 daAuts
     D:5: 432 daAuts
     D:3: 258 daAuts
     D:2: 230 daAuts
     D:4: 110 daAuts
     D:6: 3 daAuts
  Temple: 1 daAuts
